 Dungeon Crawl Stone Soup version 0.20-a0-494-gf50ee04 (webtiles) character file.

29 Kettleworth the Gusty (level 3, 0/25 HPs)
             Began as a Formicid Air Elementalist on Jan 18, 2017.
             Slain by a jackal (1 damage)
             ... on level 1 of the Dungeon.
             The game lasted 00:03:21 (640 turns).

Kettleworth the Gusty (Formicid Air Elementalist)    Turns: 640, Time: 00:03:22

Health: 0/25       AC:  6    Str: 12    XL:     3   Next: 32%
Magic:  4/6        EV: 12    Int: 15    God:
Gold:   38         SH:  0    Dex: 11    Spells: 3/6 levels left

rFire    . . .     SeeInvis +   d - +0 spear
rCold    + . .     Gourm    .   a - +0 robe
rNeg     . . .     Faith    .   (no shield)
rPois    .         Spirit   .   (helmet unavailable)
rElec    .         Reflect  .   (no cloak)
rCorr    .         Harm     .   e - +2 pair of gloves
MR       .....                  g - +0 pair of boots
Stlth    ++........             (no amulet)
Regen    0.1/turn               (no ring)
                                i - ring of protection from cold

@: very slightly contaminated
A: permanent stasis, dig shafts and tunnels, four strong arms, antennae 3
a: Dig, Shaft Self


You were on level 1 of the Dungeon.
You were not hungry.

You visited 1 branch of the dungeon, and saw 1 of its levels.

You collected 38 gold pieces.

Inventory:

Hand Weapons
 d - a +0 spear (weapon)
Armour
 a - a +0 robe (worn)
 e - a +2 pair of gloves (worn)
 g - a +0 pair of boots (worn)
Jewellery
 i - a ring of protection from cold (left hand)
Scrolls
 h - 2 scrolls of remove curse
 j - a scroll of teleportation {unknown}
Potions
 k - a potion of degeneration
Books
 b - a book of Air

   Spells                             Type                      Level
   a - Shock                          Conjuration/Air              1
   b - Swiftness                      Charms/Air                   2
   c - Repel Missiles                 Charms/Air                   2
   d - Static Discharge               Conjuration/Air              3
   e - Lightning Bolt                 Conjuration/Air              5
Comestibles
 c - 2 bread rations
 f - 7 chunks of flesh


   Skills:
 + Level 0.4 Fighting
 + Level 0.2 Polearms
 + Level 2.0 Dodging
 + Level 2.6 Stealth
 + Level 2.3 Spellcasting
 + Level 1.1 Conjurations
 + Level 2.9 Air Magic


You had 3 spell levels left.
You knew the following spells:

 Your Spells              Type           Power        Failure   Level  Hunger
a - Shock                 Conj/Air       #...         12%         1    #......
b - Repel Missiles        Chrm/Air       #.....       17%         2    ###....


Dungeon Overview and Level Annotations

Branches:
Dungeon (1/15)

Altars:


Innate Abilities, Weirdness & Mutations

You cannot be hasted, slowed, berserked, paralysed or teleported.
You can dig through walls and to a lower floor.
Your four strong arms can wield two-handed weapons with a shield.
You have a pair of large antennae on your head. (SInv)


Message History

The jackal bites you.
* * * LOW HITPOINT WARNING * * *
The jackal barely misses you.
You hit the jackal but do no damage.
The jackal is heavily wounded.
The jackal closely misses you. The jackal barely misses you. x2
The jackal completely misses you.
You hit the jackal but do no damage.
The jackal is heavily wounded.
The jackal bites you but does no damage.
The jackal closely misses you. The jackal bites you.
* * * LOW HITPOINT WARNING * * *
You hit the jackal.
You kill the jackal!
The jackal barely misses you.
You hit the jackal.
The jackal is lightly wounded.
The jackal bites you but does no damage.
The jackal bites you.
You die...

#############
...............
.########.##### #.#
#.÷.# ###.# #)#.##
...### #.#..### #....#
#.##.... ####†##.###
#.......
#..@†.....###.#####.
#.h...........###...
#.........###.# ...#
.$......###...##.......
..######.#
###....####.. #...# #.#
#....#####. ....# #..
.......##.. ....# #[#
##.#........ ###....#
#.# ..........##


You could see a jackal.

Vanquished Creatures
  4 bats (D:1)
  3 goblins (D:1)
  4 hobgoblins (D:1)
  5 jackals (D:1)
  2 kobolds (D:1)
  A quokka (D:1)
  A frilled lizard (D:1)
  3 rats (D:1)
23 creatures vanquished.

Notes
Turn   | Place    | Note
-------+----------+-------------------------------------------
     0 | D:1      | Kettleworth the Formicid Air Elementalist began the quest for the Orb.
     0 | D:1      | Reached XP level 1. HP: 13/13 MP: 3/3
   144 | D:1      | Reached skill level 1 in Conjurations
   282 | D:1      | Reached XP level 2. HP: 16/19 MP: 3/5
   396 | D:1      | Learned a level 2 spell: Repel Missiles
   551 | D:1      | Reached XP level 3. HP: 21/24 MP: 1/6
   638 | D:1      | HP: 1/25 [jackal (2)]
   640 | D:1      | Slain by a jackal

Vault maps used:
D:1:      lightli_arrival_farm, minmay_tromino_mix6

Skill      XL: |  1  2  3 |
---------------+----------+-----
Conjurations   | 1 |  1.1
Dodging        | 2 |  2.0
Fighting       | |  0.4
Polearms       | |  0.2
Stealth        | |  2.6
Spellcasting   | |  2.3
Air Magic      | |  2.9

Action                   || total
-------------------------++-------
Melee: Spear             ||    67
 Cast: Shock             ||    23
  Use: Scroll            ||     3
Armor: Robe              ||    32
Dodge: Dodged            ||    87
